 Dungeon Crawl Stone Soup version 0.28-a0-447-g1f95980246 (webtiles) character file.

Game seed: 9426692005590646687

110 bande the Covered (level 4, 0/29 HPs)
             Began as a Gargoyle Fighter on Sept 12, 2021.
             Slain by an ogre (2 damage)
             ... on level 4 of the Dungeon.
             The game lasted 00:02:37 (1047 turns).

bande the Covered (Gargoyle Fighter)                Turns: 1047, Time: 00:02:37

Health: 0/29       AC: 11    Str: 20    XL:     4   Next: 91%
Magic:  4/4        EV:  9    Int:  8    God:
Gold:   33         SH:  4    Dex: 10    Spells: 3/3 levels left

rFire   . . .      SeeInvis .   a - +0 war axe (spect)
rCold   . . .      Faith    .   c - +0 buckler
rNeg    + . .      Spirit   .   b - +0 scale mail
rPois   ∞          Reflect  .   g - +0 helmet
rElec   +          Harm     .   (no cloak)
rCorr   .          Rampage  .   (no gloves)
Will    .....                   (no boots)
Stlth   ..........              (no amulet)
HPRegen 0.09/turn               (no ring)
MPRegen 0.09/turn               (no ring)

@: no status effects
A: sickness immunity, AC +3, negative energy resistance 1, electricity
resistance, torment resistance 1, petrification resistance
a: no special abilities


You were on level 4 of the Dungeon.
You visited 2 branches of the dungeon, and saw 4 of its levels.

You collected 33 gold pieces.

Inventory:

Hand Weapons
 a - a +0 spectral war axe (weapon)
Armour
 b - a +0 scale mail (worn)
 c - a +0 buckler (worn)
 g - a +0 helmet (worn)
Scrolls
 e - a scroll of fog {unknown}
Potions
 d - a potion of might
 f - a potion of brilliance {unknown}


   Skills:
 + Level 4.0 Fighting
 + Level 3.0 Axes
 + Level 4.1 Armour
 + Level 3.8 Shields


You had 3 spell levels left.
You didn't know any spells.
Your spell library was empty.

Dungeon Overview and Level Annotations

Branches:
Dungeon (4/15)             Temple (1/1) D:4

Altars:
Ashenzari
Elyvilon
Gozag
Kikubaaqudgha
Makhleb
Nemelex Xobeh
Qazlal
Ru
Trog
Uskayaw
Vehumet
Wu Jian
Zin
The Shining One


Innate Abilities, Weirdness & Mutations

You are immune to sickness and miasma.
Your stone body is resilient. (AC +3)
You are immune to poison.
You resist negative energy. (rN+)
You are resistant to electric shocks. (rElec)
You are resistant to unholy torment.
You are immune to petrification.


Message History

Your scale mail prevents you from hitting the adder.
Your +0 spectral war axe hits the adder!
You kill the adder!
The gnoll shouts! x2
A jackal comes into view.
The jackal barks!
You block the ball python's attack. The ball python grabs you.
The ball python constricts you.
The ogre hits you with a +0 giant spiked club!!
Ouch! That really hurt!
* * * LOW HITPOINT WARNING * * *
You are too injured to fight recklessly!
You are too injured to fight recklessly!
You are too injured to fight recklessly!
You are too injured to fight recklessly!
You are too injured to fight recklessly!
You are too injured to fight recklessly!
You are too injured to fight recklessly!
You are too injured to fight recklessly!
Unknown command.
You hit the ogre.
The ogre is lightly wounded.
You barely miss the ball python.
Your +0 spectral war axe hits the ball python!
You kill the ball python!
Your +0 spectral war axe closely misses the ogre.
The jackal bites you.
* * * LOW HITPOINT WARNING * * *
You block the ogre's attack.
Your Axes skill increases to level 3!
You hit the ogre.
The ogre is lightly wounded.
You slash the jackal!
You kill the jackal!
You barely miss the gnoll. You hit the jackal.
You kill the jackal!
Your +0 spectral war axe hits the gnoll!
The gnoll hits you but does no damage.
The ogre hits you with a +0 giant spiked club.
You die...

## ###. ##..
####... ##...
...... ##...# #
#....#.)... ..#
#.##...#.#.g##...#
#.#....#..g†.....#
#.....#..(@O.....#
#.....#..#§†.....#
#..#...#....##.#
#..#.#.....#...
#..#.....# .#
#..†....... #
#.########.
#.......# .#
#######.#


You could see an ogre, 2 gnolls and a friendly +0 spectral war axe (summoned).

Vanquished Creatures
  A hound (D:4)
  Robin (D:4)
  An adder (D:4)
  4 dart slugs (D:1)
  7 ball pythons
  4 endoplasms (D:1)
  2 giant cockroaches (D:1)
  12 goblins
  7 hobgoblins
  2 jackals (D:4)
  2 quokkas (D:1)
  A bat (D:1)
  A frilled lizard (D:1)
  2 kobolds (D:1)
  A rat (D:1)
48 creatures vanquished.

Notes
Turn   | Place    | Note
-------+----------+-------------------------------------------
     0 | D:1      | bande the Gargoyle Fighter began the quest for the Orb.
     0 | D:1      | Reached XP level 1. HP: 14/14 MP: 1/1
   111 | D:1      | Reached XP level 2. HP: 19/19 MP: 2/2
   240 | D:1      | Reached XP level 3. HP: 23/23 MP: 3/3
   703 | D:2      | Found a glowing silver altar of Zin.
   703 | D:2      | You fall into a shaft and drop 2 floors!
   703 | D:4      | Found a staircase to the Ecumenical Temple.
   708 | D:4      | Noticed Robin
   717 | Temple   | Entered the Ecumenical Temple
   870 | D:4      | Killed Robin
   871 | D:4      | Reached XP level 4. HP: 23/29 MP: 4/4
  1042 | D:4      | Noticed an ogre
  1047 | D:4      | Slain by an ogre

Illustrated notes

Levels and vault maps discovered:
D:1:      scummos_arrival_hexagon, layout_loops_cross, minmay_misc_feat_doors,
          chequers_serial_rivers_small_b
D:2:      minmay_door_path, layout_basic, basic_altar
D:4:      layout_loops_ring, minmay_temple_entry_antechambers,
          nicolae_take_the_stairs, hangedman_decor_peaks_small,
          minmay_fractal_squares_diagonal_5, uniq_menkaure, uniq_robin,
          uniq_pikel
Temple:   jpeg_temple_clearing

Skill      XL: |  1  2  3  4 |
---------------+-------------+-----
Axes           | 2 3 |  3.0
Armour         | 4 |  4.1
Fighting       | 4 |  4.0
Shields        | |  3.8

Action                   |  1- 3 |  4- 6 || total
-------------------------+-------+-------++-------
Melee: War axe           |    53 |    11 ||    64
  Use: Scroll            |     1 |       ||     1
Armor: Scale mail        |    29 |     6 ||    35
Dodge: Dodged            |    21 |     6 ||    27
Block: Buckler           |    10 |     2 ||    12

Table legend: (Time is in decaauts)
 A = Elapsed time spent in this place.
 B = Non-inter-level travel time spent in this place.
 C = Inter-level travel time spent in this place.
 D = Time resting spent in this place.
 E = Time spent auto-exploring this place.
 F = Levels seen in this place.
 G = Mean time per level.
                   A        B        C        D        E       F      G
               +--------+--------+--------+--------+--------+-----+--------+
         Total |   1074 |   1061 |     13 |     43 |    752 |   4 |  268.5 |
       Dungeon |    926 |    926 |      0 |      0 |    695 |   3 |  308.7 |
        Temple |    148 |    135 |     13 |     43 |     57 |   1 |  148.0 |
               +--------+--------+--------+--------+--------+-----+--------+

Top non-repeatable levels by time:
     D:1: 647 daAuts
     D:4: 203 daAuts
  Temple: 148 daAuts
     D:2: 74 daAuts
